Match 42596433
Unlisted

Match 42596433
End
Construct Infanterie Kompanie
Grenadier Squad
MG 42 Machine Gun Team
Grenadier Squad
MG 42 Machine Gun Team
Construct Panzergrenadier Kompanie
251 Medium Carrier
Selects Mechanized Battlegroup
Selects Raid Package
Selects 8 Rad Armored Car
8 Rad Armored Car
8 Rad Armored Car
Pak 40 Anti-tank Gun Team
Pioneer Squad
Selects UNKNOWN (2160084)
Pak 40 Anti-tank Gun Team
Construct Panzer Kompanie
Stoßtruppen Squad
Selects UNKNOWN (2160084)
MG 42 Bunker
Panther Heavy Tank
Selects Mobile Repair Stations
Selects Wespe Self-propelled Artillery
Selects Zeroing Artillery Barrage
Sturmpanzer IV Brummbär
Zeroing Artillery Barrage
Stoßtruppen Squad
Stoßtruppen Squad
Pioneer Squad
Support Elements
Yeoul
Nashorn101
COHseph Stalin
mcQueen
0
0

Comments sign in to comment!

No comments posted yet!